[Event "*** Titled Tuesday Blitz"]
[Site "Chess.com"]
[Date "2020.03.03"]
[Round "9"]
[White "Willychess95"]
[Black "ama18"]
[Result "1-0"]
[WhiteElo "2644"]
[BlackElo "2537"]
[TimeControl "180+1"]
[EndTime "14:46:18 PST"]
[Termination "Willychess95 won on time"]

1. e4 c5 2. Nf3 d6 3. d4 cxd4 4. Nxd4 Nf6 5. Nc3 a6 6. Bg5 Nbd7 7. Qe2 h6 8. Bxf6 Nxf6 9. O-O-O e5 10. Nf5 g6 11. Ne3 Be6 12. Ned5 Nxd5 13. Nxd5 Rc8 14. Rd3 Bg7 15. Kb1 O-O 16. f3 f5 17. Qd1 fxe4 18.
fxe4 Rf2 19. Rd2 Rxd2 20. Qxd2 b5 21. Be2 Qh4 22. Bf3 Kh7 23. Ne3 Bf8 24. h3 h5 25.
Rd1 Be7 26. Nd5 Bg5 27. Qd3 Kh6 28. Nb4 a5 29. Qxd6 Rd8 30. Qxe5 Rxd1+ 31. Bxd1 Bf6 32.
Qxe6 Qe1 33. Qd5 Qxb4 34. e5 Bg5 35. Qg8 Be3 36. Qh8+ Kg5 37. Qf6+ Kh6 38. Qd6 1-0

[Event "*** Titled Tuesday Blitz"]
[Site "Chess.com"]
[Date "2020.03.03"]
[Round "9"]
[White "RitvarsReimanis"]
[Black "MusicCityMaster"]
[Result "1-0"]
[WhiteElo "2607"]
[BlackElo "2386"]
[TimeControl "180+1"]
[EndTime "14:46:18 PST"]
[Termination "RitvarsReimanis won by resignation"]

1. d4 Nf6 2. c4 c5 3. d5 b5 4.
cxb5 a6 5. bxa6 g6 6. Nc3 Bxa6 7. Nf3 Bg7 8. Rb1 d6 9. b3 Qa5 10. Bd2 O-O 11. g3 Nbd7 12. Bg2 Bb7 13. a4 Qa6 14.
Nh4 Nb6 15. Bg5 Qa5 16. Bd2 Qa6 17. e4 Nfd7 18. Nb5 Rfc8 19. O-O c4 20. Bc3 Bxc3 21. Nxc3 cxb3 22. Qxb3 Qc4 23. Rfc1 Qxb3 24. Rxb3 Rc4 25. Bh3 Bc8 26. Bf1 Rc7 27. Bb5 Nc5 28. Rb4 Ncxa4 29. Bc6 Nxc3 30. Rxc3 Ra1+ 31. Kg2 Nd7 32. Nf3 Kg7 33.
Nd4 Nc5 34. Nb5 Rxc6 35. dxc6 Ba6 36. e5 h5 37. exd6 exd6 38. Nxd6 Bf1+ 39. Kf3 Ne6 40. c7 Nxc7 41. Rxc7 Ra3+ 42. Kf4 Bg2 43. Rxf7+ Kh6 44. Nf5+ gxf5 45. Rb6+ 1-0

[Event "*** Titled Tuesday Blitz"]
[Site "Chess.com"]
[Date "2020.03.03"]
[Round "9"]
[White "davigator"]
[Black "Harry_Rakkel"]
[Result "1-0"]
[WhiteElo "2326"]
[BlackElo "2492"]
[TimeControl "180+1"]
[EndTime "14:46:18 PST"]
[Termination "davigator won on time"]

1. e4 c5 2. Nf3 d6 3. d4 cxd4 4. Nxd4 Nf6 5. Nc3 a6 6. Bg5 e6 7. f4 Be7 8. Qd2 Qc7 9. O-O-O Nbd7 10. Bd3 b5 11. Rhe1 h6 12. Bxf6 gxf6 13. Kb1 b4 14. Nce2 Qb6 15. Nf3 Nc5 16. Ned4 Bd7 17. Qe2 Rb8 18. f5 e5 19. Nb3 a5 20. Nxc5 Qxc5 21.
Bc4 a4 22. Rd5 Qa7 23. b3 O-O 24. Qd2 Kh7 25. g4 Bc6 26. Rd3 axb3 27. cxb3 Ra8 28. Re2 Rg8 29. h3 Rg7 30. Qe3 Qa5 31. Rdd2 Ra7 32.
Qd3 Be8 33. Qd5 Bd8 34. Qxa5 Rxa5 35. Rxd6 Bc7 36. Rxf6 h5 37. g5 Bd8 38. Rh6+ Kg8 39. f6 Rh7 40. Rxh7 Kxh7 41. Nh4 Ra7 42. Rd2 Bb6 43.
Nf5 Bd7 44. Rd6 1-0

[Event "*** Titled Tuesday Blitz"]
[Site "Chess.com"]
[Date "2020.03.03"]
[Round "9"]
[White "ElGasanov"]
[Black "hansen"]
[Result "1-0"]
[WhiteElo "2732"]
[BlackElo "2902"]
[TimeControl "180+1"]
[EndTime "14:46:19 PST"]
[Termination "ElGasanov won on time"]

1. d4 Nf6 2. Nf3 g6 3. Bg5 Bg7 4. Nbd2 d5 5. e3 O-O 6. Be2 Nbd7 7. O-O Re8 8. c4 h6 9. Bh4 e6 10. Rc1 c6 11. Qc2 Qa5 12. a3 Nh5 13. b4 Qb6 14.
Ne1 g5 15. Bxg5 hxg5 16. Bxh5 Nf6 17. Be2 a5 18. Nd3 axb4 19. axb4 Qd8 20. Ra1 Bd7 21.
Nc5 b6 22. Nd3 Qe7 23. Ne5 c5 24. bxc5 bxc5 25. Ndf3 cxd4 26. exd4 Ne4 27. Bd3 f5 28. c5 g4 29. c6 Rxa1 30. Rxa1 Bc8 31. Ng6 Qb4 32.
Bxe4 gxf3 33. Bxf3 Qxd4 34. Re1 Kh7 35. Bh5 Kh6 36.
Qe2 Bf6 37. Ne5 Rf8 38. Nf7+ Kg7 39. Nd6 e5 40. Qf3 f4 41. Nxc8 Kh6 42. Qh3 1-0

[Event "*** Titled Tuesday Blitz"]
[Site "Chess.com"]
[Date "2020.03.03"]
[Round "9"]
[White "ShahMatKanal"]
[Black "malandragem"]
[Result "1-0"]
[WhiteElo "2537"]
[BlackElo "2620"]
[TimeControl "180+1"]
[EndTime "14:46:27 PST"]
[Termination "ShahMatKanal won by resignation"]

1. e4 e5 2. f4 d5 3. exd5 exf4 4. Nf3 Nf6 5. d4 c6 6. Bxf4 cxd5 7. Bd3 Bd6 8. Ne5 O-O 9. O-O Qb6 10. Kh1 Qxb2 11. Nd2 Qxd4 12. Nb3 Qb6 13. Qf3 Nbd7 14. Ng4 Nxg4 15.
Qxg4 Nf6 16. Qh4 Bxf4 17. Rxf4 h6 18. Raf1 Ne4 19. Bxe4 dxe4 20. Rxe4 Be6 21. Nd4 Rae8 22. Rfe1 Bd7 23. Qf2 Rxe4 24. Rxe4 Re8 25. Rxe8+ Bxe8 26. h3 a5 27. c3 a4 28. Kh2 a3 29. Qe3 Bc6 30. Qf4 Bd5 31. Nf5 Qf6 32. Qg4 Be6 33. Nxh6+ Qxh6 34. Qa4 Qf4+ 35. Qxf4 Kf8 36. Qb8+ Ke7 37.
Qxb7+ Kf6 38. Qa7 Kg6 39. Qxa3 Bxa2 40. Qxa2 1-0

[Event "*** Titled Tuesday Blitz"]
[Site "Chess.com"]
[Date "2020.03.03"]
[Round "9"]
[White "platy3"]
[Black "NikolaGry"]
[Result "1-0"]
[WhiteElo "2869"]
[BlackElo "2668"]
[TimeControl "180+1"]
[EndTime "14:46:28 PST"]
[Termination "platy3 won on time"]

1. e4 e5 2. Nf3 d6 3. d4 exd4 4. Nxd4 Nf6 5. Nc3 g6 6. Be2 Bg7 7. Bf4 O-O 8. Qd2 Re8 9. f3 Nc6 10. Nxc6 bxc6 11. O-O-O Rb8 12. Bh6 Bh8 13. g4 Be6 14. h4 Bxa2 15. h5 Qc8 16. hxg6 hxg6 17. Bf8 Rxf8 18. Rxh8+ Kxh8 19. Qh6+ Kg8 20. Rh1 Nh5 21.
gxh5 g5 22. Qxg5+ Kh7 23. e5 Qe6 24. Bd3+ Kh8 25. Bf5 Rg8 26. Qf4 dxe5 27. Bxe6 exf4 28. Bxa2 Rg3 29. Rf1 f5 30. Ne2 Rg2 31. Nxf4 Rh2 32. Ng6+ Kg7 33. Ne7 Rb4 34. Nxc6 Ra4 35. Kb1 Rxh5 36.
Ne5 Kf6 37. f4 Rxf4 38. Re1 Re4 39. Nd7+ Ke7 40. Rd1 Rd4 41. Re1+ Kxd7 42. c3 Re4 43. Rf1 1-0

[Event "*** Titled Tuesday Blitz"]
[Site "Chess.com"]
[Date "2020.03.03"]
[Round "9"]
[White "JonahWillow"]
[Black "Gordima"]
[Result "1-0"]
[WhiteElo "2655"]
[BlackElo "2778"]
[TimeControl "180+1"]
[EndTime "14:46:29 PST"]
[Termination "JonahWillow won by resignation"]

1. e4 e5 2. Nf3 Nc6 3. Nc3 Nf6 4.
Bb5 Bb4 5. O-O O-O 6. d3 d6 7.
Bg5 Bxc3 8. bxc3 Ne7 9. Nh4 c6 10. Bc4 d5 11. Bb3 a5 12. a4 Qd6 13. Qf3 h6 14.
Bxf6 Qxf6 15. Qxf6 gxf6 16. f4 Be6 17. f5 Bd7 18. Rab1 Rfb8 19. Nf3 b5 20. axb5 Rxb5 21. Ba4 Rbb8 22. Nd2 Be8 23. Nb3 Rb6 24. Ra1 Kf8 25. Kf2 dxe4 26. dxe4 Nc8 27. Nc5 Ke7 28. Bb3 Nd6 29. Ke3 Nb5 30. Na4 Rbb8 31. Rad1 Nd6 32.
g4 Rd8 33. Rd3 Nb7 34. Rfd1 Rxd3+ 35. cxd3 Nd6 36. Nc5 Nb5 37. Rc1 Rb8 38. Ba4 Nd6 39. Rc2 Kd8 40. d4 Nc4+ 41. Kf3 Rb2 42. Rxb2 Nxb2 43.
Bb3 Kc7 44. Ke2 Kb6 45. Kd2 Kb5 46. Kc2 Nc4 47. Bxc4+ Kxc4 48. Nb7 exd4 49. Nd6+ Kc5 50. Nxe8 a4 51. Nxf6 a3 52. h4 a2 53. cxd4+ Kxd4 54. Kb2 Ke5 55. g5 hxg5 56. hxg5 1-0

[Event "*** Titled Tuesday Blitz"]
[Site "Chess.com"]
[Date "2020.03.03"]
[Round "9"]
[White "saikrishnaReturns"]
[Black "M1711"]
[Result "1-0"]
[WhiteElo "2661"]
[BlackElo "2546"]
[TimeControl "180+1"]
[EndTime "14:46:29 PST"]
[Termination "saikrishnaReturns won by checkmate"]

1. e4 e5 2. Nf3 d5 3. Nxe5 Bd6 4. d4 dxe4 5. Nc3 Nf6 6. Bg5 Bf5 7. Bc4 O-O 8. Qe2 Nc6 9. O-O-O h6 10. Nxc6 bxc6 11.
Bxf6 Qxf6 12. Nxe4 Bxe4 13. Qxe4 Qxf2 14. Rhf1 Rae8 15.
Qxe8 Qf4+ 16. Rxf4 Bxf4+ 17. Kb1 Rxe8 18. Rf1 Re7 19.
g3 Bd6 20. c3 g6 21. Kc2 Kg7 22. Kb3 c5 23. d5 Re5 24. Ka4 Re4 25. b3 Re3 26.
Kb5 Rxc3 27. Rf2 f5 28. a4 Kf6 29. Ka6 g5 30. Kxa7 f4 31. a5 Ke5 32. gxf4+ gxf4 33. a6 Ke4 34. Kb7 Ke3 35. Re2+ Kf3 36. Ra2 Re3 37. a7 Re8 38. Bb5 Rd8 39. Bd7 Ke3 40.
Bc8 f3 41. a8=Q f2 42. Ra1 Rf8 43. Qa6 Kd2 44. Ra2+ Ke1 45. Qe2# 1-0

[Event "*** Titled Tuesday Blitz"]
[Site "Chess.com"]
[Date "2020.03.03"]
[Round "9"]
[White "Barcelona_Guy"]
[Black "Marcus_Harvey"]
[Result "0-1"]
[WhiteElo "2597"]
[BlackElo "2739"]
[TimeControl "180+1"]
[EndTime "14:46:30 PST"]
[Termination "Marcus_Harvey won by checkmate"]

1. e4 e6 2. d4 d5 3. Nd2 a6 4. Ngf3 Nf6 5. e5 Nfd7 6. Bd3 c5 7. c3 Nc6 8. O-O g5 9. Nb1 g4 10. Ne1 cxd4 11. cxd4 Nxd4 12. Qxg4 Nc6 13. f4 h5 14. Qg3 h4 15. Qh3 Nc5 16. Nc3 Nxd3 17. Nxd3 Nd4 18. Bd2 Nf5 19. Rac1 Bd7 20. Be1 Rc8 21. Bf2 Rc4 22.
b3 Rc6 23. Ne2 Rxc1 24. Rxc1 Ba3 25. Rc2 Bb5 26. Nd4 Nxd4 27. Bxd4 Kd7 28. b4 Ke8 29. f5 exf5 30. Qxf5 Bd7 31. Qf3 Rg8 32.
Rc3 h3 33. g3 Rg4 34. Qf2 Bb5 35. Rxa3 Qc7 36. Rc3 Qd7 37. Nc5 Qd8 38. Rf3 Qg5 39. Rf4 Qg6 40. Qd2 Rxf4 41. Qxf4 Qb1+ 42. Kf2 Qf1+ 43.
Ke3 Qe2# 0-1

[Event "*** Titled Tuesday Blitz"]
[Site "Chess.com"]
[Date "2020.03.03"]
[Round "9"]
[White "Sordis"]
[Black "enriquetejedor"]
[Result "0-1"]
[WhiteElo "2372"]
[BlackElo "2563"]
[TimeControl "180+1"]
[EndTime "14:46:31 PST"]
[Termination "enriquetejedor won by checkmate"]

1. c4 e6 2. g3 d5 3. Bg2 dxc4 4. Qa4+ Nd7 5. Qxc4 Ngf6 6. Nf3 Be7 7. O-O c6 8. a4 O-O 9. a5 Qc7 10. d3 b6 11.
axb6 Nxb6 12. Qc2 Bb7 13. Bf4 Bd6 14. Bxd6 Qxd6 15. Nc3 c5 16. Nb5 Qd7 17. Na3 Rfc8 18. Nc4 Nxc4 19. Qxc4 Bd5 20. Qa4 Qxa4 21. Rxa4 Rcb8 22.
Rb1 h6 23. Ne5 Bxg2 24. Kxg2 Nd5 25. Nc4 Nc3 26. Rba1 Nxa4 27. Rxa4 a5 28. Kf3 Rb4 29. Rxa5 Rxa5 30. Nxa5 Rxb2 31. Nc4 Ra2 32. h4 Kf8 33. Ke3 Ke7 34. Ne5 f6 35. Nc4 e5 36. h5 Ke6 37. g4 Ra8 38. f3 Ra7 39. Nd2 Ra4 40. Ne4 Ra5 41. Nd2 Ra4 42. Ne4 Ra5 43. Nd2 Kd5 44. Ne4 Ra3 45. Nd2 Rc3 46. Ne4 Rc2 47. Ng3 Ra2 48. Nf5 Ra7 49. Ng3 Ke6 50. Ne4 Rc7 51.
Nd2 f5 52. Nc4 Rd7 53. Nb6 Rd6 54. Nc4 Rd8 55. Kf2 fxg4 56. fxg4 e4 57. Ke3 exd3 58. exd3 Rd4 59. Nd2 Rxg4 60. Ne4 Kd5 61. Nc3+ Ke5 62.
Ne4 Rxe4+ 63. dxe4 c4 64. Kf3 c3 65. Ke3 c2 66. Kd2 Kxe4 67. Kxc2 Kf5 68. Kd2 Kg5 69.
Ke3 Kxh5 70. Kf3 Kh4 71. Kf2 g5 72. Kg2 g4 73. Kh2 g3+ 74. Kg2 Kg4 75. Kg1 Kh3 76. Kh1 Kg4 77. Kg1 Kf3 78. Kh1 h5 79. Kg1 g2 80. Kh2 Kf2 81. Kh3 g1=Q 82. Kh4 Qg4# 0-1

[Event "*** Titled Tuesday Blitz"]
[Site "Chess.com"]
[Date "2020.03.03"]
[Round "9"]
[White "Hubbery"]
[Black "Bryakin_Mikhail"]
[Result "0-1"]
[WhiteElo "2555"]
[BlackElo "2676"]
[TimeControl "180+1"]
[EndTime "14:46:33 PST"]
[Termination "Bryakin_Mikhail won by resignation"]

1. d4 e6 2. c4 f5 3. Nc3 Nf6 4. e3 Bb4 5. Bd3 Bxc3+ 6. bxc3 b6 7. Ne2 Bb7 8. f3 O-O 9. O-O d6 10. a4 a5 11. Bd2 Nbd7 12. Be1 Qe7 13. Qc2 g6 14.
Bh4 e5 15. e4 fxe4 16. fxe4 h6 17. Rae1 Kh7 18. h3 Qg7 19. Bg3 Nh5 20. Bh2 Rxf1+ 21. Rxf1 Rf8 22. Rxf8 Qxf8 23. Qd2 Ng7 24. Qe3 Ne6 25.
Bg3 Qf6 26. Kh2 h5 27. Qf3 Qxf3 28. gxf3 g5 29. h4 Kg6 30. hxg5 Nxg5 31. Kg2 Bc6 32. Bc2 Bb7 33. Bh4 Nf6 34. Ng3 Ne6 35. Nf5 Nf4+ 36. Kf2 Ne8 37. Bd8 Bc6 38. Ne7+ Kf7 39. Nxc6 Ke6 40.
Bg5 Nh3+ 41. Kg3 Nxg5 42. f4 exf4+ 43. Kxf4 Nh3+ 44. Kg3 Ng5 45. Kh4 Nf3+ 46. Kxh5 Nd2 47. Bd3 Nf6+ 48. Kg6 Nfxe4 49. d5+ Kd7 50. Kf7 Kc8 51.
Nd4 Nxc3 52. Bf5+ Kb7 53. Bd7 Nxc4 54. Bc6+ Kb8 55. Ke8 Ne5 56. Kd8 Na2 57. Nb5 Nb4 58. Be8 Nxd5 59. Nd4 Nb4 60. Ne6 c5 61. Ke7 d5 62.
Kd6 Nc4+ 63. Ke7 d4 64. Bb5 Na3 65. Bf1 d3 66. Kd6 d2 67. Be2 Nac2 68. Bd1 0-1

[Event "*** Titled Tuesday Blitz"]
[Site "Chess.com"]
[Date "2020.03.03"]
[Round "9"]
[White "Enriquack"]
[Black "MisiekZielony"]
[Result "1-0"]
[WhiteElo "2371"]
[BlackElo "2098"]
[TimeControl "180+1"]
[EndTime "14:46:37 PST"]
[Termination "Enriquack won on time"]

1. e4 Nf6 2. e5 Nd5 3. Nf3 d6 4.
d4 Bg4 5. h3 Bxf3 6. Qxf3 dxe5 7. dxe5 e6 8. c3 Nd7 9. Qg3 c6 10. Nd2 Qb8 11. Nf3 g6 12. Bc4 Bg7 13. Bxd5 cxd5 14.
Bf4 b5 15. O-O-O b4 16. c4 dxc4 17. Rxd7 Kxd7 18. Rd1+ Ke8 19. Ng5 Qc7 20. Ne4 Kf8 21. Nd6 Kg8 22. Qf3 Rd8 23. h4 h6 24. h5 g5 25. Bg3 Qd7 26. Rd4 Rf8 27. Rxc4 f6 28. Qe4 fxe5 29. Bxe5 Bxe5 30. Qxe5 Rh7 31. Ne4 Rhf7 32.
Rd4 Qc6+ 33. Kd1 Rc7 34. Rd2 1-0

[Event "*** Titled Tuesday Blitz"]
[Site "Chess.com"]
[Date "2020.03.03"]
[Round "9"]
[White "Sibelephant"]
[Black "IMTominho"]
[Result "1-0"]
[WhiteElo "3037"]
[BlackElo "2845"]
[TimeControl "180+1"]
[EndTime "14:46:38 PST"]
[Termination "Sibelephant won by checkmate"]

1. Nf3 d5 2. e3 Nf6 3. c4 c6 4. Nc3 g6 5. d4 Bg7 6. Be2 O-O 7.
O-O a6 8. Bd2 Bg4 9. Qb3 Ra7 10.
h3 Bxf3 11. Bxf3 e6 12. Rfd1 Nbd7 13. e4 dxe4 14. Bxe4 Nxe4 15. Nxe4 Qc7 16. Bb4 Re8 17.
Qf3 Raa8 18. Bd6 Qd8 19. Bg3 Rf8 20. Bf4 Qb6 21. c5 Qd8 22. Nd6 Rb8 23. Nc4 Ra8 24. Qb3 Ra7 25. Rac1 Qh4 26. Bg3 Qd8 27. Qf3 Nf6 28.
Bd6 Re8 29. Be5 Nd5 30. Nd6 Re7 31. Rd3 Ra8 32. Rb3 Rb8 33. Ne4 Ra8 34. h4 a5 35. h5 a4 36. Ra3 b6 37. hxg6 hxg6 38. Qg4 bxc5 39. Nxc5 Bxe5 40. dxe5 Qb6 41. Rh3 Qxb2 42.
Nd3 Qb7 43. Qh4 f5 44. Qh8+ Kf7 45. Rh7# 1-0

[Event "*** Titled Tuesday Blitz"]
[Site "Chess.com"]
[Date "2020.03.03"]
[Round "9"]
[White "Konavets"]
[Black "Supernotar"]
[Result "0-1"]
[WhiteElo "3017"]
[BlackElo "2847"]
[TimeControl "180+1"]
[EndTime "14:46:39 PST"]
[Termination "Supernotar won on time"]

1. d4 d5 2. Bf4 Nf6 3. e3 e6 4. Nf3 Bd6 5. Bg3 c5 6. c3 O-O 7. Nbd2 Qc7 8. dxc5 Qxc5 9. Bd3 Nbd7 10. e4 dxe4 11. Nxe4 Nxe4 12. Bxe4 Bxg3 13. hxg3 Nf6 14.
Bc2 b6 15. Qe2 Bb7 16. O-O-O Rad8 17. Nd4 h6 18. f4 Qd5 19. Qf3 Qd7 20. Qe3 Qd5 21. Kb1 Qxg2 22. Rhg1 Qh3 23. Rde1 Rd6 24. Qe2 Qg4 25. Qe5 Rfd8 26. a3 Rd5 27. Qe3 R5d6 28.
Qe5 Rd5 29. Qe3 R5d6 30. Ka1 Qh3 31. Qe2 Qg4 32. Qf2 a6 33. Bd1 Qh3 34. g4 Ne4 35. Qc2 Rxd4 36. cxd4 Rc8 37. Qb3 Rc1+ 38. Ka2 Bd5 39.
Qxd5 exd5 40. g5 hxg5 41. Bg4 Rxe1 0-1

[Event "*** Titled Tuesday Blitz"]
[Site "Chess.com"]
[Date "2020.03.03"]
[Round "9"]
[White "RoelandPruijssers"]
[Black "Zq1"]
[Result "0-1"]
[WhiteElo "2666"]
[BlackElo "2584"]
[TimeControl "180+1"]
[EndTime "14:46:39 PST"]
[Termination "Zq1 won by checkmate"]

1. e4 c5 2. Nf3 d6 3. d4 cxd4 4. Nxd4 Nf6 5. Nc3 Nc6 6. f3 Nxd4 7. Qxd4 g6 8. Be3 Bg7 9. Qd2 O-O 10. O-O-O Be6 11.
h4 h5 12. Kb1 Rc8 13. g4 Rxc3 14. Qxc3 hxg4 15. Bd4 gxf3 16. h5 Qc8 17. h6 Qxc3 18.
Bxc3 Bh8 19. h7+ Nxh7 20. Bxh8 Kxh8 21. Rd3 Bg4 22. Kc1 Kg7 23. Kd2 Nf6 24. Ke3 Rc8 25. Rh2 Bh5 26. Bh3 Ng4+ 27. Bxg4 Bxg4 28. Ra3 a6 29.
Rb3 b5 30. Rc3 Rxc3+ 31. bxc3 f5 32. Rh1 Kf6 33. Rh7 fxe4 34. Rh4 Bf5 35. Rh8 g5 36. Ra8 g4 37. Kf2 Ke5 38. Ke3 g3 39. Rg8 g2 40. c4 bxc4 41. c3 d5 42. a3 Kf6 43.
Rg3 e5 44. Rg8 d4+ 45. cxd4 exd4+ 46. Kf4 f2 47. Rf8+ Ke7 48. Kxf5 f1=Q+ 49. Ke5 Qxf8 50.
a4 c3 51. Kxe4 c2 52. Kd5 c1=Q 53. a5 g1=Q 54. Ke4 Qf6 55. Kd5 Qe6# 0-1

[Event "*** Titled Tuesday Blitz"]
[Site "Chess.com"]
[Date "2020.03.03"]
[Round "9"]
[White "MFguimaraes"]
[Black "Mikasinski"]
[Result "1/2-1/2"]
[WhiteElo "2402"]
[BlackElo "2283"]
[TimeControl "180+1"]
[EndTime "14:46:40 PST"]
[Termination "Game drawn by repetition"]

1. e4 c5 2. Nf3 d6 3. d4 cxd4 4.
Nxd4 Nf6 5. Nc3 g6 6. Be3 Bg7 7.
f3 O-O 8. Qd2 Nc6 9. O-O-O Bd7 10.
h4 Ne5 11. Bh6 Qa5 12. h5 Rfc8 13. hxg6 fxg6 14. Nb3 Qd8 15. Nd5 Qf8 16. Bxg7 Qxg7 17. Nxf6+ Qxf6 18. f4 Ng4 19. e5 Qf5 20. Bd3 Qf7 21.
exd6 exd6 22. Be4 Bc6 23. Bd5 Bxd5 24. Qxd5 Rxc2+ 25. Kb1 Qxd5 26. Rxd5 Rxg2 27. Rxd6 Rf8 28. Nd4 Rd2 29. Nb5 Rxd6 30. Nxd6 Rxf4 31. Nxb7 Rb4 32. Nc5 Ne3 33. a3 Rb5 34. b4 Nc4 35. Ka2 a5 36. Kb3 Nxa3 37. Kxa3 axb4+ 38. Kb3 Rxc5 39. Kxb4 Rf5 40.
Kc4 Kg7 41. Kd4 h5 42. Ke4 Kf6 43. Ra1 Re5+ 44. Kf4 Rf5+ 45. Ke4 Kg5 46. Rg1+ Kh6 47. Ra1 Rg5 48. Kf4 Rg4+ 49. Kf3 Rg5 50. Kf4 Rf5+ 51. Ke4 Kg5 52. Rg1+ Kf6 53. Ra1 1/2-1/2

[Event "*** Titled Tuesday Blitz"]
[Site "Chess.com"]
[Date "2020.03.03"]
[Round "9"]
[White "farzadbfd"]
[Black "guillembaches"]
[Result "1-0"]
[WhiteElo "2631"]
[BlackElo "2438"]
[TimeControl "180+1"]
[EndTime "14:46:41 PST"]
[Termination "farzadbfd won on time"]

1. Nf3 d5 2. b3 Nf6 3. Bb2 e6 4.
e3 Be7 5. Be2 O-O 6. O-O b6 7. d4 Bb7 8. c4 c5 9. Nbd2 cxd4 10.
Nxd4 Nc6 11. Bf3 Nxd4 12. Bxd4 Rc8 13. Rc1 Ba6 14. Re1 dxc4 15. Nxc4 Bxc4 16. Rxc4 Rxc4 17.
bxc4 Qc7 18. Qb3 Rc8 19. Rc1 Nd7 20. h3 h6 21. Qb2 Bf6 22. Qd2 Rd8 23. Qe2 Ne5 24.
Be4 Nd7 25. Bb1 e5 26. Bb2 Nc5 27. Rd1 Rxd1+ 28. Qxd1 Qd7 29. Qc2 g6 30. Qe2 Bg7 31. Kh2 e4 32. Bxg7 Qd6+ 33. g3 Kxg7 34. Qb2+ Qf6 35.
Qd4 h5 36. Kg2 g5 37. g4 hxg4 38. hxg4 Qxd4 39. exd4 Ne6 40. d5 Nc5 41. Kf1 Kf6 42.
Ke2 Ke5 43. Ke3 f5 44. gxf5 Kxf5 45. f3 Ke5 46. Bxe4 g4 47. f4+ Kf6 48. Bg2 Nb7 49. Kf2 Nd6 50. Bf1 Kf5 51. Ke3 g3 52. Kf3 g2 53.
Bd3+ Kf6 54. Kxg2 Nb7 55. Kf3 Nc5 56. Bc2 1-0

[Event "*** Titled Tuesday Blitz"]
[Site "Chess.com"]
[Date "2020.03.03"]
[Round "9"]
[White "Hrant_ChessMood"]
[Black "Art_Vandelay1980"]
[Result "1-0"]
[WhiteElo "2952"]
[BlackElo "2786"]
[TimeControl "180+1"]
[EndTime "14:46:43 PST"]
[Termination "Hrant_ChessMood won on time"]

1. d4 Nf6 2. c4 e6 3. Nc3 Bb4 4. f3 c5 5. d5 O-O 6. e4 d6 7. Ne2 a6 8. Ng3 exd5 9. cxd5 b5 10. Be2 c4 11. Be3 Nbd7 12. a4 Bb7 13. O-O Bc5 14. Qd2 Qb6 15. Nf5 Rfe8 16. a5 Bxe3+ 17. Qxe3 Qxe3+ 18. Nxe3 b4 19. Ncd1 c3 20.
bxc3 b3 21. Rb1 Nc5 22. Bc4 Rab8 23. Nf2 Bc8 24. Nd3 Nfd7 25. Nb4 Ne5 26. Bxb3 Rb5 27. f4 Nxe4 28. Ba4 Bd7 29. Bxb5 Bxb5 30. fxe5 Nxc3 31.
Rbc1 Ne2+ 32. Kf2 Nxc1 33. Rxc1 dxe5 34. Nf5 Rb8 35. Rc7 g6 36. Nh6+ Kg7 37. Ng4 Re8 38. d6 1-0

[Event "*** Titled Tuesday Blitz"]
[Site "Chess.com"]
[Date "2020.03.03"]
[Round "9"]
[White "INLOVEWITHF"]
[Black "SahajGrover"]
[Result "1-0"]
[WhiteElo "2439"]
[BlackElo "2686"]
[TimeControl "180+1"]
[EndTime "14:46:44 PST"]
[Termination "INLOVEWITHF won by resignation"]

1. d4 e6 2. e4 d5 3. Nc3 Bb4 4. e5 c5 5. a3 Bxc3+ 6. bxc3 Ne7 7. Qg4 cxd4 8. Qxg7 Rg8 9. Qxh7 Qc7 10. Qd3 Qxe5+ 11.
Ne2 dxc3 12. Qxc3 Qxc3+ 13. Nxc3 a6 14. h4 Nbc6 15. Bg5 e5 16. O-O-O Be6 17. f4 Rc8 18.
fxe5 Nxe5 19. Re1 Rxc3 20. Kb2 Nf3 21. gxf3 Rxf3 22. Be2 Rf2 23. Be3 Rfg2 24. Bf1 R2g3 25. h5 Nf5 26. Bf2 Rf3 27. Bc5 Rh8 28. Bg2 Rf4 29.
Bxd5 Kd7 30. Bxe6+ fxe6 31. Rh3 Rc4 32. Bb4 Nh4 33.
Rd3+ Kc8 34. Rxe6 Rxh5 35. Kb3 Rg4 36. Rc3+ Kb8 37. Bd6+ Ka7 38. Rc8 Rb5+ 39. Kc3 Rgg5 40. Bb8+ Ka8 41. Bg3+ Ka7 42. Bf2+ 1-0

[Event "*** Titled Tuesday Blitz"]
[Site "Chess.com"]
[Date "2020.03.03"]
[Round "9"]
[White "MateusViageiro"]
[Black "Gogolev_Artemy"]
[Result "0-1"]
[WhiteElo "2204"]
[BlackElo "2450"]
[TimeControl "180+1"]
[EndTime "14:46:53 PST"]
[Termination "Gogolev_Artemy won by resignation"]

1. e4 c6 2. d4 d5 3. Nc3 dxe4 4.
Nxe4 Bf5 5. Ng3 Bg6 6. Nf3 Nd7 7. Bd3 Bxd3 8. Qxd3 e6 9. Bd2 Ngf6 10. O-O-O Be7 11.
Kb1 O-O 12. h4 c5 13. Ng5 cxd4 14. Qxd4 Qb6 15. Qxb6 Nxb6 16. N3e4 Nfd5 17. Nc3 Rfd8 18. Nge4 Nc4 19. Bc1 Nxc3+ 20. Nxc3 Bf6 21. Ne4 Bd4 22.
b3 Ne5 23. Bb2 Bxb2 24. Kxb2 b6 25. f4 Ng4 26. g3 h6 27. Nc3 Kh7 28. Nb5 a6 29.
Nc7 Rxd1 30. Rxd1 Ra7 31. Ne8 h5 32. Rd8 f6 33. Nd6 e5 34. fxe5 fxe5 35. Ne4 Kg6 36.
c4 Nf6 37. Rd6 Rb7 38. Kc3 Kf5 39. Nxf6 gxf6 40. b4 Kg4 41. Rxf6 Kxg3 42. Rf5 Kxh4 43. Rxe5 Kg4 44. c5 bxc5 45. bxc5 h4 46. c6 Rc7 47. Re6 Kf5 48. Rh6 Kg5 49. Rd6 h3 50. Kc4 h2 51.
Rd1 Rxc6+ 52. Kb4 Rh6 53. Rh1 Kg4 54. Ka5 Kg3 55. a4 Kg2 56. Rb1 h1=Q 57. Rxh1 Kxh1 0-1

[Event "*** Titled Tuesday Blitz"]
[Site "Chess.com"]
[Date "2020.03.03"]
[Round "9"]
[White "rogapa"]
[Black "Indianlad"]
[Result "1/2-1/2"]
[WhiteElo "2745"]
[BlackElo "2927"]
[TimeControl "180+1"]
[EndTime "14:46:54 PST"]
[Termination "Game drawn by repetition"]

1. e4 c5 2. Nf3 d6 3. d4 cxd4 4.
Nxd4 Nf6 5. Nc3 a6 6. Bg5 Nbd7 7.
Bc4 Qb6 8. O-O Qc5 9. Bxf6 Nxf6 10. Bb3 e6 11. Kh1 h5 12. f4 h4 13. f5 e5 14.
Nf3 Be7 15. Qe2 Nh5 16. Qf2 Ng3+ 17. Kg1 Nxf1 18. Kxf1 Qxf2+ 19. Kxf2 Bd7 20. Rd1 Bc6 21. Nd5 Rc8 22. c3 Bd8 23. g4 hxg3+ 24. hxg3 Bxd5 25.
Bxd5 Bb6+ 26. Kg2 Rc7 27. g4 Be3 28. a4 Ke7 29. g5 b6 30. Kg3 Rcc8 31. Kg4 Rb8 32.
Nh4 Bf2 33. f6+ gxf6 34. Nf5+ Kd7 35. Bxf7 fxg5 36. Rxd6+ Kc7 37. Bd5 Rh2 38. Rc6+ Kd7 39. Rd6+ Kc7 40. Rg6 Rd8 41. Rc6+ Kb8 42. Kxg5 Rf8 43.
Rh6 Rg2+ 44. Kh5 Be1 45. Rxb6+ Kc7 46. Rc6+ Kd7 47. Rd6+ Kc7 48. Rc6+ Kd8 49. Rd6+ Ke8 50. Re6+ Kd7 51. Rd6+ Kc7 52. Rc6+ 1/2-1/2

[Event "*** Titled Tuesday Blitz"]
[Site "Chess.com"]
[Date "2020.03.03"]
[Round "9"]
[White "Alopekos"]
[Black "GMKrikor"]
[Result "0-1"]
[WhiteElo "2436"]
[BlackElo "2795"]
[TimeControl "180+1"]
[EndTime "14:46:56 PST"]
[Termination "GMKrikor won by resignation"]

1. e4 c5 2. Nc3 e6 3. Nge2 a6 4.
d4 cxd4 5. Nxd4 b5 6. Bd3 Bb7 7.
O-O Nc6 8. Nxc6 Bxc6 9. Re1 Bc5 10. a4 b4 11. Nd5 Ne7 12. Qg4 Ng6 13. Qh5 O-O 14. Nf6+ Qxf6 15. Qxc5 a5 16. Qd6 Qe5 17. Qxe5 Nxe5 18. Bf1 f6 19. b3 Rfc8 20. f4 Nf7 21. Bd3 e5 22. Kf2 Kf8 23. g3 Ke7 24. Be3 d6 25. Rad1 Nd8 26. fxe5 dxe5 27. Rd2 Ne6 28. Red1 Rc7 29. Bb6 Rb7 30. Be3 Rc8 31.
Ba6 Rcc7 32. Bxb7 Rxb7 33. Rd6 Bxe4 34. R1d2 Rc7 35. Ra6 Bxc2 36. Rxa5 Bxb3 37. Rb2 Rc2+ 38. Rxc2 Bxc2 39. Rb5 b3 40. a5 Nc7 41. Rb7 Kd6 42.
Bc5+ Kc6 43. a6 Nxa6 44. Rb6+ Kxc5 45. Rxa6 b2 0-1

[Event "*** Titled Tuesday Blitz"]
[Site "Chess.com"]
[Date "2020.03.03"]
[Round "9"]
[White "HanSchut"]
[Black "AndreyNeves"]
[Result "1-0"]
[WhiteElo "2279"]
[BlackElo "2186"]
[TimeControl "180+1"]
[EndTime "14:46:56 PST"]
[Termination "HanSchut won by resignation"]

1. e4 c5 2. Nf3 Nc6 3. d4 cxd4 4. Nxd4 Nf6 5. Nc3 e5 6. Ndb5 d6 7. Bg5 a6 8. Na3 b5 9. Bxf6 gxf6 10. Nd5 Bg7 11.
c3 Ne7 12. Nc2 Nxd5 13. Qxd5 Be6 14. Qc6+ Ke7 15. Rd1 Qd7 16. Qxd7+ Kxd7 17. Nb4 Rhc8 18. a3 Rc5 19. Be2 a5 20. Nd3 Rc7 21. f3 Rac8 22.
Kf2 Ke7 23. f4 f5 24. exf5 Bxf5 25. g4 Be4 26. Bf3 Bxf3 27. Kxf3 Rc4 28. Rhe1 f6 29.
f5 d5 30. Kg2 Rd8 31. h3 h5 32.
Kg3 hxg4 33. hxg4 Bh6 34. Rh1 Bf4+ 35. Nxf4 Rxf4 36. Rh7+ Kd6 37. Rf7 Kc5 38. Rxf6 Re4 39. g5 Re2 40. g6 Rg8 41. Rf7 Re3+ 42. Kg4 Re2 43. Kg5 Rg2+ 44. Kf6 e4 45. Rc7+ Kb6 46.
Rd7 e3 47. R7xd5 e2 48. Re1 Kc6 49. Re5 Rf8+ 50. Kg7 Re8 51. Rxe8 1-0